 Dungeon Crawl Stone Soup version 0.20-a0-269-g17f5411 (webtiles) character file.

329 Herrn the Slasher (level 6, -1/48 HPs)
             Began as a Formicid Monk on Dec 8, 2016.
             Slain by an ogre
             ... wielding a +0 giant club
              (8 damage)
             ... on level 4 of the Dungeon.
             The game lasted 00:05:38 (2365 turns).

Herrn the Slasher (Formicid Monk)                   Turns: 2365, Time: 00:05:39

Health: -1/48      AC:  9    Str: 16    XL:     6   Next: 80%
Magic:  6/6        EV:  8    Int:  9    God:
Gold:   142        SH:  0    Dex: 15    Spells: 5/5 levels left

rFire  + + .     SeeInvis +     a - +0 falchion
rCold  . . .     Gourm    .     o - +0 chain mail
rNeg   . . .     Faith    .     (no shield)
rPois  .         Spirit   .     (helmet unavailable)
rElec  .         Reflect  .     (no cloak)
rCorr  .         Harm     .     r - +0 pair of gloves (curse)
MR     .....                    (no boots)
Stlth  ..........               (no amulet)
                                i - ring of protection from fire
                                k - ring of protection from fire

@: no status effects
A: permanent stasis, dig shafts and tunnels, four strong arms, antennae 3
a: Dig, Shaft Self


You were on level 4 of the Dungeon.
You were hungry.

You visited 1 branch of the dungeon, and saw 4 of its levels.

You collected 142 gold pieces.

Inventory:

Hand Weapons
 a - a +0 falchion (weapon)
Armour
 b - a +0 robe
 h - a +0 ring mail
 o - a +0 chain mail (worn)
 r - a cursed +0 pair of gloves (worn)
Jewellery
 e - an uncursed ring of resist corrosion
 f - an uncursed ring of magical power
 i - a ring of protection from fire (right hand)
 k - a ring of protection from fire (left hand)
 q - an uncursed ring of flight
Scrolls
 j - 2 scrolls of random uselessness
 l - a scroll of teleportation
 n - a scroll of magic mapping {unknown}
 p - a scroll of blinking
Potions
 g - a potion of heal wounds {unknown}
Comestibles
 c - a bread ration
 d - a beef jerky
 t - a meat ration


   Skills:
 + Level 4.1 Fighting
 * Level 5.8 Long Blades
 + Level 1.9 Armour
 + Level 3.4 Dodging
 - Level 2.4 Stealth


You had 5 spell levels left.
You didn't know any spells.

Dungeon Overview and Level Annotations

Branches:
Dungeon (4/15)
 Temple: D:4-7

Altars:
Elyvilon
Fedhas
Kikubaaqudgha
Qazlal
Vehumet


Innate Abilities, Weirdness & Mutations

You cannot be hasted, slowed, berserked, paralysed or teleported.
You can dig through walls and to a lower floor.
Your four strong arms can wield two-handed weapons with a shield.
You have a pair of large antennae on your head. (SInv)


Message History

You are too injured to fight recklessly!
You are too injured to fight recklessly!
You are too injured to fight recklessly!
You hit the ogre.
The ogre is lightly wounded.
The ogre closely misses you.
You slash the ogre!
The ogre is moderately wounded.
The ogre hits you with a giant club.
* * * LOW HITPOINT WARNING * * *
You hit the ogre.
The ogre is heavily wounded.
You hit the ogre.
The ogre is heavily wounded.
The ogre hits you with a giant club.
* * * LOW HITPOINT WARNING * * *
You hit the ogre.
The ogre is severely wounded.
The ogre hits you with a giant club!
You die...

## ..#
#######...#
#....O....#
#...@#
#....#
#....#
#....#
#....#
#....#
#....#
#..###
##..##


You could see an ogre.

Vanquished Creatures
  Sigmund (D:4)
  2 hounds (D:4)
  2 adders
  A gnoll (D:1)
  An ooze (D:2)
  A dart slug (D:2)
  3 leopard geckos (D:1)
  An orc (D:3)
  3 giant cockroaches
  12 goblins
  11 hobgoblins
  10 jackals
  9 kobolds
  A quokka (D:3)
  10 bats
  4 frilled lizards
  A quokka skeleton (D:4)
  11 rats
84 creatures vanquished.

Vanquished Creatures (others)
  A plant (D:3)
1 creature vanquished.

Grand Total: 85 creatures vanquished

Notes
Turn   | Place    | Note
-------+----------+-------------------------------------------
     0 | D:1      | Herrn the Formicid Monk began the quest for the Orb.
     0 | D:1      | Reached XP level 1. HP: 18/18 MP: 1/1
    27 | D:1      | Reached XP level 2. HP: 22/24 MP: 2/2
   318 | D:1      | Reached XP level 3. HP: 21/29 MP: 3/3
   611 | D:1      | Reached skill level 4 in Long Blades
   770 | D:2      | Reached XP level 4. HP: 27/35 MP: 4/4
  1009 | D:2      | Found a stormy altar of Qazlal.
  1010 | D:2      | Found a white marble altar of Elyvilon.
  1010 | D:2      | Found a blossoming altar of Fedhas.
  1015 | D:2      | Found an ancient bone altar of Kikubaaqudgha.
  1038 | D:2      | Found a radiant altar of Vehumet.
  1454 | D:3      | Reached XP level 5. HP: 42/42 MP: 5/5
  2258 | D:4      | Reached skill level 1 in Armour
  2269 | D:4      | Noticed Sigmund
  2289 | D:4      | Killed Sigmund
  2289 | D:4      | Reached skill level 5 in Long Blades
  2289 | D:4      | Reached XP level 6. HP: 15/48 MP: 6/6
  2351 | D:4      | Noticed an ogre
  2365 | D:4      | Slain by an ogre

Vault maps used:
D:1:      dpeg_arrival_refuge
D:2:      vehumet_crystals, chequers_temple_overflow_statue_of_worship
D:3:      serial_bayou_lagoon_a, st_stairs_8, minmay_misc_feat_iff
D:4:      portal_sewer_entry_b, first_bread, grunt_ministairs_10, uniq_sigmund

Skill      XL: |  1  2  3  4  5 |
---------------+----------------+-----
Dodging        | 3 |  3.4
Long Blades    | 4 5 |  5.8
Armour         | 1 |  1.9
Fighting       | 4 |  4.1
Stealth        | |  2.4

Action                   |  1- 3 |  4- 6 || total
-------------------------+-------+-------++-------
Melee: Falchion          |    78 |   204 ||   282
 Abil: Dig               |       |     3 ||     3
  Use: Potion            |     2 |     3 ||     5
       Scroll            |       |     4 ||     4
 Stab: Sleeping          |     3 |       ||     3
       Invisible         |       |     4 ||     4
  Eat: Chunk             |       |     5 ||     5
Armor: Robe              |    10 |       ||    10
       Ring mail         |    12 |    51 ||    63
       Chain mail        |       |    68 ||    68
Dodge: Dodged            |    62 |   131 ||   193
       Rpst.: Falchion   |    25 |    43 ||    68
